 Dungeon Crawl Stone Soup version 0.31-a0-246-g8cbcc1cb85 (webtiles) character file.

Game seed: 11912715599622261048

633 freelancePsychic the Changeling (level 7, -2/55 HPs)
             Began as a Merfolk Shapeshifter on July 12, 2023.
             Killed from afar by Dowan (21 damage)
             ... with a shard of ice
             ... on level 5 of the Dungeon.
             The game lasted 00:08:45 (4304 turns).

freelancePsychic the Changeling (MfSh)              Turns: 4304, Time: 00:08:45

Health: -2/55      AC:  2    Str: 15    XL:     7   Next: 49%
Magic:  7/7        EV: 13    Int:  8    God:
Gold:   63         SH:  0    Dex: 16    Spells: 6/6 levels left

rFire   . .          .
                       - Unarmed
rCold   . . .        (no shield)
rNeg    . . .        a - +0 animal skin
rPois   .            (helmet currently unavailable)
rElec   .            (cloak currently unavailable)
rCorr   .            (gloves currently unavailable)
SInv    .            (boots currently unavailable)
Will    .....        e - amulet of the acrobat
Stlth   +            (no ring)
HPRegen 0.29/turn    (no ring)
MPRegen 0.10/turn

%: acrobat
@: beast-form
A: beast (slay +4), (nimble swimmer 2), mertail
a: no special abilities


You were on level 5 of the Dungeon.
You were a hulking beast.
You visited 1 branch of the dungeon, and saw 5 of its levels.

You collected 265 gold pieces.
You spent 202 gold pieces at shops.

Inventory:

Armour
 a - a +0 animal skin (worn)
 b - a +0 cloak
Jewellery
 e - an amulet of the acrobat (around neck)
Talismans
 c - a beast talisman
Wands
 v - a wand of mindburst (8)
 w - a wand of paralysis (8)
Scrolls
 d - 2 scrolls of fog
 g - a scroll of blinking
 i - a scroll of fear
 j - a scroll of amnesia
 k - 3 scrolls of immolation
 l - 3 scrolls of teleportation {@r4}
 n - 3 scrolls of revelation
 u - a scroll of vulnerability
Potions
 f - a potion of attraction {unknown}
 h - a potion of berserk rage {unknown}
 m - 2 potions of degeneration {unknown}
 o - 2 potions of lignification
 p - 4 potions of heal wounds {@q2}
 q - a potion of resistance {unknown}
 r - 2 potions of invisibility {unknown}
 t - 2 potions of mutation {unknown}


   Skills:
 + Level 4.8 Fighting
 - Level 3.2 Dodging
 + Level 4.9 Unarmed Combat
 * Level 7.0 Shapeshifting


You had 6 spell levels left.
You didn't know any spells.
Your spell library was empty.

Dungeon Overview and Level Annotations

Branches:
Dungeon (5/15)
 Temple: D:4-7

Altars:
Zin

Shops:
D:3 *(*(!

Annotations:
D:5 Dowan


Innate Abilities, Weirdness & Mutations

You are a hulking beast.
Your limbs bulge with bestial killing power. (Slay +4)
((You are very nimble when in or above water. (Stealth+, EV+, Speed+++)))
Your lower body shifts to a powerful aquatic tail in water.


Message History

You are too injured to fight recklessly!
You are too injured to fight recklessly!
You are too injured to fight recklessly!
You are too injured to fight recklessly!
You are too injured to fight recklessly!
You are too injured to fight recklessly!
You are too injured to fight recklessly!
You are too injured to fight recklessly!
You are too injured to fight recklessly!
You are too injured to fight recklessly!
You barely miss Duvessa.
Duvessa is moderately wounded.
Duvessa hits you with a +0 short sword.
You hit Duvessa.
Duvessa is heavily wounded.
Duvessa closely misses you.
You hit Duvessa.
Duvessa is heavily wounded.
You punch Duvessa!
Duvessa is almost dead.
Duvessa hits you with a +0 short sword.
You hit Duvessa.
Duvessa is almost dead.
Duvessa closely misses you.
You hit Duvessa.
Duvessa is almost dead.
Duvessa hits you with a +0 short sword!
You hit Duvessa but do no damage.
Duvessa is almost dead.
Duvessa hits you with a +0 short sword.
You hit Duvessa but do no damage.
Duvessa is almost dead.
Duvessa closely misses you.
You hit Duvessa.
You kill Duvessa!
Dowan screams, "No!
Oh no!"
Dowan seems to find hidden reserves of power!
Dowan casts a spell at you. The shard of ice hits you!!
You die...

##### #.... #.... ###....
. .....e)#######...
####h.........
#..'..........
#..#..........
......#..#..........
.....#..#..........
######+#....#..######....#
.......+....#.......#....#
.......#....#.......# ...#
.......#....#.......# ...#


You could see Dowan (fast).

Vanquished Creatures
  Sigmund (D:2)
  Duvessa (D:5)
  2 scorpions
  A howler monkey (D:5)
  An orc priest (D:5)
  A hound (D:4)
  An iguana (D:4)
  4 orc wizards (D:5)
  5 adders
  A worm (D:3)
  6 dart slugs
  7 orcs
  6 ball pythons
  2 endoplasms (D:4)
  2 giant cockroaches (D:1)
  9 hobgoblins
  5 kobolds
  2 quokkas
  4 bats
  5 frilled lizards
  8 goblins
  8 rats
82 creatures vanquished.

Notes
Turn   | Place    | Note
-------+----------+-------------------------------------------
     0 | D:1      | freelancePsychic the Merfolk Shapeshifter began the quest
                  | for the Orb.
     0 | D:1      | Reached XP level 1. HP: 16/16 MP: 1/1
   188 | D:1      | Reached XP level 2. HP: 22/23 MP: 2/2
   576 | D:1      | Reached XP level 3. HP: 28/28 MP: 3/3
  1052 | D:2      | Noticed Sigmund
  1522 | D:2      | Killed Sigmund
  1523 | D:2      | Reached skill level 5 in Shapeshifting
  1523 | D:2      | Reached XP level 4. HP: 37/37 MP: 4/4
  1523 | D:2      | Reached XP level 5. HP: 42/42 MP: 5/5
  1998 | D:3      | Found Fenineu's Assorted Antiques.
  2023 | D:3      | Reached XP level 6. HP: 45/48 MP: 6/6
  2058 | D:3      | Bought a scroll labelled IWKIMU ERYIR for 28 gold pieces
  2058 | D:3      | Bought a scroll labelled ABUDGH XUPPISOC for 28 gold pieces
  2058 | D:3      | Bought 2 orange potions for 50 gold pieces
  2107 | D:3      | Found Fufuavve's Antique Weapon Emporium.
  2144 | D:3      | Found Voughi Zefio's Weapon Boutique.
  2158 | D:3      | Found Piasul's Assorted Antiques.
  2475 | D:3      | Found a faded altar of an unknown god.
  2571 | D:3      | Found Rawaar's Distillery.
  2589 | D:3      | Bought a potion of curing for 36 gold pieces
  2589 | D:3      | Bought a potion of heal wounds for 60 gold pieces
  2662 | D:3      | Noticed an angel
  2663 | D:3      | Found a glowing silver altar of Zin.
  2946 | D:4      | Reached skill level 6 in Shapeshifting
  3676 | D:5      | Entered Level 5 of the Dungeon
  3778 | D:5      | Reached XP level 7. HP: 25/55 MP: 7/7
  4218 | D:5      | Reached skill level 7 in Shapeshifting
  4284 | D:5      | Noticed Duvessa
  4287 | D:5      | Noticed Dowan
  4304 | D:5      | Killed Duvessa
  4304 | D:5      | Killed from afar by Dowan

Illustrated notes

Levels and vault maps discovered:
D:1:      ldierk_walled_garden_2, layout_basic
D:2:      layout_loops_corners, uniq_sigmund
D:3:      layout_basic, zin_angel, serial_shops, shop,
          nicolae_shop_overgrown_old_shop, nicolae_shop_waterfront,
          nicolae_shop_crystal, nicolae_shop_bloodbath_and_beyond,
          shapermc_ecumenical_altar_hornbeckon
D:4:      layout_loops_corners
D:5:      layout_gridville, nicolae_overflow_macrodata_refinement, uniq_edmund,
          uniq_eustachio, uniq_duvessa

Skill      XL: |  1  2  3  4  5  6  7 |
---------------+----------------------+-----
Dodging        | 3 |  3.2
Fighting       | 3 4 |  4.8
Unarmed Combat | 3 4 |  4.9
Shapeshifting  | 5 6 7 |  7.0

Action                     |  1- 3 |  4- 6 |  7- 9 || total
---------------------------+-------+-------+-------++-------
  Melee: Unarmed           |    81 |   115 |    49 ||   245
         Punch             |     2 |     2 |       ||     4
  Evoke: Wand              |       |       |     2 ||     2
    Use: Scroll            |     3 |     6 |       ||     9
         Potion            |     1 |       |     3 ||     4
   Stab: Sleeping          |     2 |     5 |       ||     7
 Armour: Animal skin       |     9 |    12 |     3 ||    24
         Skin              |     8 |       |       ||     8
  Dodge: Dodged            |    51 |    49 |    26 ||   126
         Form:             |     3 |       |       ||     3
         Beast             |     3 |       |       ||     3

Table legend: (Time is in decaauts)
 A = Elapsed time spent in this place.
 B = Non-inter-level travel time spent in this place.
 C = Inter-level travel time spent in this place.
 D = Time resting spent in this place.
 E = Time spent auto-exploring this place.
 F = Levels seen in this place.
 G = Mean time per level.
                   A        B        C        D        E       F      G
               +--------+--------+--------+--------+--------+-----+--------+
         Total |   4281 |   4177 |    104 |     29 |   3458 |   5 |  856.2 |
       Dungeon |   4281 |   4177 |    104 |     29 |   3458 |   5 |  856.2 |
               +--------+--------+--------+--------+--------+-----+--------+

Top non-repeatable levels by time:
     D:2: 1007 daAuts
     D:4: 971 daAuts
     D:1: 968 daAuts
     D:3: 710 daAuts
     D:5: 622 daAuts
